 Dungeon Crawl Stone Soup version 0.28.0-53-g5a82cb258f (webtiles) character file.

Game seed: 16225075276248738063

72 fuccboisucc420 the Skirmisher (level 4, 0/35 HPs)
             Began as a Demonspawn Abyssal Knight on July 21, 2022.
             Was a Believer of Lugonu.
             Hit by a stone thrown by a hobgoblin (1 damage)
             ... on level 2 of the Dungeon.
             The game lasted 00:08:52 (2131 turns).

fuccboisucc420 the Skirmisher (DsAK)                Turns: 2131, Time: 00:08:53

Health: 0/35       AC:  4    Str: 15    XL:     4   Next: 7%
Magic:  5/5        EV: 11    Int: 11    God:    Lugonu [**....]
Gold:   6          SH:  4    Dex: 14    Spells: 3/3 levels left

rFire   . . .      SeeInvis .   a - +1 mace
rCold   . . .      Faith    .   (no shield)
rNeg    . . .      Spirit   .   b - +0 leather armour
rPois   .          Reflect  .   (no helmet)
rElec   .          Harm     .   (no cloak)
rCorr   .          Rampage  .   c - +0 pair of gloves
Will    .....                   (no boots)
Stlth   ++........              (no amulet)
HPRegen 0.11/turn               (no ring)
MPRegen 0.09/turn               (no ring)

@: slowed, very slow
A: claws 1, powered by death 1, condensation shield
a: Renounce Religion, Depart the Abyss, Bend Space


You were on level 2 of the Dungeon.
You worshipped Lugonu.
Lugonu was pleased with you.
You visited 1 branch of the dungeon, and saw 2 of its levels.
You visited the Abyss 1 time.

You collected 6 gold pieces.

Inventory:

Hand Weapons
 a - a +1 mace (weapon)
 d - a +0 dagger of protection
Missiles
 g - 34 stones (quivered)
Armour
 b - a +0 leather armour (worn)
 c - a +0 pair of gloves (worn)
 h - a +0 ring mail
Magical Staves
 j - a staff of conjuration
Scrolls
 e - a scroll of fear {unknown}
 f - a scroll of torment
 k - a scroll of amnesia


   Skills:
 - Level 3.0 Fighting
 + Level 3.0 Maces & Flails
 + Level 2.4 Armour
 + Level 1.2 Dodging
 * Level 1.3 Stealth
 + Level 0.3 Shields
 - Level 2.4 Invocations


You had 3 spell levels left.
You didn't know any spells.
Your spell library was empty.

Dungeon Overview and Level Annotations

Branches:
Dungeon (2/15)

Altars:
Gozag

Shops:
D:2 *

Annotations:
D:2 Natasha


Innate Abilities, Weirdness & Mutations

You have sharp fingernails.
You regenerate a little health from kills.
A meltable shield of frost defends you. (SH +4)


Message History

Natasha mumbles some strange words.
You feel troubled.
Natasha stares at you and mumbles some strange words.
You feel as though you will be slow longer.
The shadow imp closely misses you.
The white imp hits you but does no damage.
Natasha barely misses you.
The shadow imp hits you but does no damage.
The shadow imp hits you. You block the shadow imp's attack.
You hit the shadow imp.
The shadow imp is heavily wounded.
The shadow imp hits you but does no damage.
You closely miss the shadow imp.
The shadow imp is heavily wounded.
The shadow imp hits you.
The shadow imp sputters.
The shadow imp barely misses you.
You hit the shadow imp.
The shadow imp is almost dead.
The shadow imp hits you. x2
You hit the shadow imp.
You kill the shadow imp!
The shadow imp disappears in a puff of smoke!
A hobgoblin comes into view.
Natasha casts a spell at you. The magic dart hits you.
Natasha stares at you and mumbles some strange words.
The magic dart hits you!
* * * LOW HITPOINT WARNING * * *
The hobgoblin shouts!
Natasha claws you.
* * * LOW HITPOINT WARNING * * *
You barely miss Natasha.
Natasha is severely wounded.
The hobgoblin throws a stone.
The stone hits you.
* * * LOW HITPOINT WARNING * * *
Natasha stares at you and mumbles some strange words.
You feel as though you will be slow longer.
The hobgoblin throws a stone.
The stone hits you.
You die...

########.#.#.#.#.........##....#
# #....#<#.#.#.........##....# #
#....###.#.#<........##....#
#####..........#.........##....#
...##.....##.#.#....#..........##
....+..............g.............
....#...............########.####
....#....#####.##.#.####** #.#
...>............@h.......###.###
....#....#####.##.#.####.#.....#
....#....# #.##.#.# #.#.#.#.#
....#....# #....#.# #.#.#.#.#
....#..#.# ######.# #.#.#.#.#
.......#.# *,* #.#.#.#.#
.........# *,* #...#.#.#
.......###*********,* ##..#.#.#
..........,,,,,,,,,,* #.†#.#.#


You could see Natasha and a hobgoblin.

Vanquished Creatures
  3 adders (D:2)
  A worm (D:1)
  5 endoplasms
  2 giant cockroaches (D:1)
  3 goblins
  4 hobgoblins
  A jackal (D:2)
  7 kobolds
  2 quokkas
  6 ball pythons
  5 bats
  A frilled lizard (D:2)
  2 rats (D:1)
42 creatures vanquished.

Notes
Turn   | Place    | Note
-------+----------+-------------------------------------------
     0 | Abyss:1  | fuccboisucc420 the Demonspawn Abyssal Knight began the
                  | quest for the Orb.
     0 | Abyss:1  | Reached XP level 1. HP: 18/18 MP: 2/2
     0 | D:1      | Escaped the Abyss
   632 | D:1      | Reached * piety under Lugonu
   633 | D:1      | Gained mutation: A meltable shield of frost defends you.
                  | (SH +4) [demonic ancestry]
   633 | D:1      | Reached XP level 2. HP: 22/24 MP: 3/3
   801 | D:1      | Reached skill level 1 in Stealth
  1116 | D:1      | Found a faded altar of an unknown god.
  1292 | D:2      | Found Baity's General Store.
  1366 | D:2      | Reached skill level 1 in Dodging
  1370 | D:2      | Gained mutation: You regenerate a little health from kills.
                  | [demonic ancestry]
  1370 | D:2      | Reached XP level 3. HP: 19/29 MP: 4/4
  2046 | D:2      | Found an opulent altar of Gozag.
  2079 | D:2      | Gained mutation: You have sharp fingernails. [demonic
                  | ancestry]
  2079 | D:2      | Reached XP level 4. HP: 35/35 MP: 5/5
  2105 | D:2      | Reached ** piety under Lugonu
  2109 | D:2      | Noticed Natasha
  2131 | D:2      | HP: 1/35 [hobgoblin/stone (3)]
  2131 | D:2      | Hit by a stone thrown by a hobgoblin

Illustrated notes

Levels and vault maps discovered:
D:1:      sevenhm_arrival_forest_fort_large_4, layout_rooms,
          ebering_ecumenical_altar_sacrificial, nicolae_wormholes
D:2:      minmay_razor_zed, layout_basic, basic_altar, serial_shops,
          nicolae_diamond_shop, uniq_natasha

Skill      XL: |  1  2  3  4 |
---------------+-------------+-----
Armour         | 2 |  2.4
Maces & Flails | 2 3 |  3.0
Stealth        | 1 |  1.3
Dodging        | 1 |  1.2
Fighting       | |  3.0
Shields        | |  0.3
Invocations    | |  2.4

Action                   |  1- 3 |  4- 6 || total
-------------------------+-------+-------++-------
Melee: Mace              |   121 |    15 ||   136
       Punch             |     1 |       ||     1
Throw: Stone             |     1 |       ||     1
Invok: Depart the Abyss  |     1 |       ||     1
  Use: Scroll            |     6 |       ||     6
 Stab: Sleeping          |       |     1 ||     1
Armor: Leather armour    |    48 |     6 ||    54
Dodge: Dodged            |    68 |    10 ||    78
Block: Other             |    22 |     3 ||    25
